 Dungeon Crawl Stone Soup version 0.24.1-8-ga250c9d538 (webtiles) character file.

Game seed: 3170302296425761077, levelgen mode: deterministic

450 Hugehornet the Insei (level 7, 0/43 HPs)
             Began as an Octopode Transmuter on May 7, 2020.
             Slain by a human zombie (6 damage)
             ... in an ossuary.
             The game lasted 00:11:38 (4241 turns).

Hugehornet the Insei (Octopode Transmuter)          Turns: 4241, Time: 00:11:38

Health: 0/43       AC:  1    Str: 15    XL:     7   Next: 4%
Magic:  10/12      EV: 13    Int: 19    God:
Gold:   149        SH:  0    Dex: 18    Spells: 3/13 levels left

rFire    . . .     SeeInvis .     - Unarmed
rCold    . . .     Gourm    .   (no shield)
rNeg     . . .     Faith    .   (helmet restricted)
rPois    .         Spirit   .   (no amulet)
rElec    .         Reflect  .   e - +6 ring of dexterity
rCorr    .         Harm     .   o - +2 ring of intelligence
MR       .....                  (no ring)
Stlth    +++.......             (no ring)
HPRegen  0.14/turn              (no ring)
MPRegen  0.13/turn              (no ring)
                                (no ring)
                                (no ring)

@: mighty, appendage, very slightly contaminated, heavily drained
A: almost no armour, stealthy swim, amphibious, 8 rings, constrict 8, tentacle
spike 3, camouflage 1, gelatinous body 1
a: End Transformation


You were in an ossuary.
You were not hungry.
One of your tentacles had a temporary spike.
You visited 1 branch of the dungeon, and saw 4 of its levels.
You also visited: Ossuary.

You collected 149 gold pieces.

Inventory:

Missiles
 a - 28 arrows
Jewellery
 b - an uncursed amulet of harm
 e - a +6 ring of dexterity (left tentacle)
 o - a +2 ring of intelligence (right tentacle)
Wands
 i - a wand of random effects (21)
 n - a wand of disintegration (8)
Scrolls
 f - 3 scrolls of remove curse
 h - a scroll of enchant weapon
 k - 5 scrolls of identify
Potions
 d - 2 potions of cancellation
 g - a potion of degeneration {unknown}
 j - 2 potions of heal wounds {unknown}
 l - a potion of haste {unknown}
 m - 2 potions of flight {unknown}
 q - 2 potions of might
Comestibles
 c - 4 rations


   Skills:
 - Level 1.0(0.0) Fighting
 - Level 2.0(0.8) Dodging
 - Level 5.4(4.1) Unarmed Combat
 + Level 3.5(2.4) Spellcasting
 + Level 3.3(2.2) Transmutations
 + Level 1.2(0.1) Ice Magic
 - Level 3.0(1.8) Poison Magic


You had 3 spell levels left.
You knew the following spells:

 Your Spells              Type           Power        Failure   Level  Hunger
a - Beastly Appendage     Tmut           ##....       7%          1    #......
b - Sticks to Snakes      Tmut           ##......     10%         2    ##.....
c - Spider Form           Tmut/Pois      ##........   22%         3    ###....
d - Ice Form              Ice/Tmut       #.......     69%         4    #####..

Your spell library contained the following spells:

 Spells                   Type           Power        Failure   Level  Hunger
 Blade Hands              Tmut           ##........   88%         5    ######.


Dungeon Overview and Level Annotations

Branches:
Dungeon (4/15)            Ossuary (1/1)
 Temple: D:4-7

Altars:
Ashenzari

Annotations:
D:3 2 transporters


Innate Abilities, Weirdness & Mutations

You cannot wear most types of armour.
You are very stealthy in the water. (Stealth+)
You are amphibious.
You can wear up to eight rings at the same time.
You can use your tentacles to constrict eight enemies at once.
Your skin changes colour to match your surroundings (Stealth+).
Your rubbery body absorbs attacks. (AC +1, EV +1)
One of your tentacles bears a large vicious spike.


Message History

It was a potion of might.
You feel very mighty all of a sudden. The human zombie hits you.
The adder zombie bites you.
* * * LOW HITPOINT WARNING * * *
Casting: Beastly Appendage (safe; 7% risk of failure)
Confirm with . or Enter, or press ? or * to list all spells.
One of your tentacles grows a vicious spike.
The human zombie completely misses you. The adder zombie bites you.
* * * LOW HITPOINT WARNING * * *
You bludgeon the human zombie! Your grab misses the human zombie.
You pierce the human zombie!
The human zombie is heavily damaged.
The adder zombie bites you.
* * * LOW HITPOINT WARNING * * *
The human zombie closely misses you.
You tentacle-slap the human zombie. Your grab misses the human zombie.
Your tentacle spike misses the human zombie.
The human zombie is severely damaged.
The adder zombie completely misses you. The human zombie hits you.
You die...

#...#........'####...#
#...######.∩.....#...#
#...#....#.......#...#
#...#.#..#.......#...#
#...#.####.......#...#
#...#............#...#
#...#.####^.####.#...#
#...#.#Z.#^.#..#.#...#
#...#.@Z.#^.#....#...#
#...######..######...#
#....................#
#........8..8........#
#....................#
#....................#
######################


You could see an adder zombie and a human zombie.

Vanquished Creatures
  2 scorpions (D:4)
  Crazy Yiuf (D:2)
  A human zombie (Ossuary)
  An orc priest (D:3)
  Jessica (D:2)
  Natasha (D:2)
  2 big kobold zombies (Ossuary)
  2 mummies (Ossuary)
  Robin (D:2)
  3 adders
  An ooze (D:2)
  2 worms
  6 dart slugs
  5 orcs (D:3)
  7 giant cockroaches
  10 goblins
  7 hobgoblins
  6 kobolds
  A ball python (D:3)
  9 bats
  4 frilled lizards
  6 hobgoblin zombies (Ossuary)
  A jackal zombie (Ossuary)
  15 kobold zombies (Ossuary)
  A leopard gecko skeleton (D:4)
  7 orc zombies (Ossuary)
  4 rats
  2 rat zombies (Ossuary)
109 creatures vanquished.

Notes
Turn   | Place    | Note
-------+----------+-------------------------------------------
     0 | D:1      | Hugehornet the Octopode Transmuter began the quest for the
                  | Orb.
     0 | D:1      | Reached XP level 1. HP: 13/13 MP: 3/3
  1015 | D:2      | Noticed Robin
  1016 | D:2      | Reached XP level 2. HP: 18/18 MP: 3/5
  1077 | D:2      | Learned a level 2 spell: Sticks to Snakes
  1118 | D:2      | Killed Robin
  1207 | D:2      | Reached XP level 3. HP: 6/23 MP: 4/6
  1212 | D:2      | Learned a level 3 spell: Spider Form
  1518 | D:2      | Found a runed translucent door.
  1519 | D:2      | Noticed Crazy Yiuf
  1625 | D:2      | Reached skill level 1 in Poison Magic
  1674 | D:2      | Noticed Natasha
  1683 | D:2      | Killed Natasha
  1683 | D:2      | Reached XP level 4. HP: 20/28 MP: 3/7
  1858 | D:2      | Noticed Jessica
  1866 | D:2      | Killed Jessica
  2153 | D:2      | Killed Crazy Yiuf
  2153 | D:2      | Reached skill level 4 in Unarmed Combat
  2153 | D:2      | Reached XP level 5. HP: 24/33 MP: 4/9
  2292 | D:3      | Found a shattered altar of Ashenzari.
  2950 | D:3      | Found a transporter.
  3218 | D:3      | Found a transporter.
  3238 | D:3      | Reached XP level 6. HP: 36/38 MP: 8/10
  3494 | D:4      | Reached skill level 5 in Unarmed Combat
  3519 | D:4      | Learned a level 4 spell: Ice Form
  3589 | D:4      | Noticed a phantom
  3788 | D:4      | Found a sand-covered staircase.
  3809 | Ossuary  | Entered an ossuary
  4066 | Ossuary  | Reached skill level 1 in Ice Magic
  4219 | Ossuary  | Reached XP level 7. HP: 43/43 MP: 12/12
  4241 | Ossuary  | Slain by a human zombie

Levels and vault maps discovered:
D:1:      nzn_arrival_settlement, layout_basic, kennysheep_boxes
D:2:      layout_basic, nicolae_underground_beach, uniq_crazy_yiuf_cottage,
          uniq_jessica, uniq_robin, uniq_natasha
D:3:      gammafunk_steamed_eel, layout_basic, lemuel_doored_altar
D:4:      layout_basic, nicolae_ossuary_entry_false_entrances,
          uniq_blork_the_orc
Ossuary:  ossuary_tomb_1

Skill      XL: |  1  2  3  4  5  6 |
---------------+-------------------+-----
Transmutations | 3 |  3.3
Poison Magic   | 1 2 3 |  3.0
Unarmed Combat | 4 5 |  5.4
Spellcasting   | 3 |  3.5
Ice Magic      | 1 |  1.2
Fighting       | |  1.0
Dodging        | |  2.0

Action                   |  1- 3 |  4- 6 |  7- 9 || total
-------------------------+-------+-------+-------++-------
Melee: Unarmed           |    53 |   164 |    13 ||   230
       Kick              |    17 |    49 |     3 ||    69
       Constrict         |    12 |    56 |     5 ||    73
       Tentacles         |     4 |    36 |     2 ||    42
       Punch             |     1 |     2 |     1 ||     4
 Cast: Beastly Appendage |    15 |    34 |     1 ||    50
       Spider Form       |     1 |     4 |       ||     5
 Abil: End Transformatio |       |     1 |       ||     1
  Use: Scroll            |       |     6 |       ||     6
       Potion            |       |       |     1 ||     1
 Stab: Sleeping          |     3 |    12 |       ||    15
  Eat: Chunk             |     3 |     6 |       ||     9
       Ration            |       |     1 |       ||     1
Armor: Skin              |     3 |     9 |       ||    12
Dodge: Dodged            |    27 |    67 |     8 ||   102
